 Dungeon Crawl Stone Soup version 0.23.2-40-g277498a001 (webtiles) character file.

Game seed: 7907686565065401116

6494 Morrissey the Covert (level 10, -14/63 HPs)
             Began as a Vampire Enchanter on Sept 12, 2019.
             Was a Believer of Kikubaaqudgha.
             Demolished by a two-headed ogre
             ... wielding a +0 giant club
              (22 damage)
             ... on level 9 of the Dungeon on Sept 13, 2019.
             The game lasted 00:31:24 (11937 turns).

Morrissey the Covert (Vampire Enchanter)           Turns: 11937, Time: 00:31:24

Health: -14/63     AC:  4    Str: 10    XL:     10   Next: 68%
Magic:  16/23      EV: 18    Int: 21    God:    Kikubaaqudgha [**....]
Gold:   458        SH:  0    Dex: 15    Spells: 3/15 levels left

rFire    . . .     SeeInvis +   a - +0 dagger (freeze)
rCold    + . .     Gourm    .   (no shield)
rNeg     + + .     Faith    .   J - +0 robe "Kiummoph" {MR++ Str+3} (curse)
rPois    +         Spirit   .   h - +0 helmet
rElec    .         Reflect  .   t - +0 cloak
rCorr    .         Harm     .   (no gloves)
MR       +++..                  (no boots)
Stlth    +++++++...             C - amulet of magic regeneration
HPRegen  0.10/turn              q - ring of magical power
MPRegen  0.43/turn              (no ring)

@: regenerating slowly, studying Necromancy
A: fangs 3, see invisible, unbreathing
a: Bat Form, Receive Corpses, Renounce Religion


You were on level 9 of the Dungeon.
You worshipped Kikubaaqudgha.
Kikubaaqudgha was pleased with you.
You were thirsty.

You visited 2 branches of the dungeon, and saw 11 of its levels.

You collected 458 gold pieces.

Inventory:

Hand Weapons
 a - a +0 dagger of freezing (weapon)
 H - a +2 short sword of venom
Armour
 b - a +0 robe
 h - a +0 helmet (worn)
 k - a +0 cloak
 t - a +0 cloak (worn)
 v - a +0 robe of fire resistance
 J - the cursed +0 robe "Kiummoph" (worn) {MR++ Str+3}
   (You found it on level 9 of the Dungeon)

   It affects your strength (+3).
   It affects your resistance to hostile enchantments.
   It has a curse placed upon it.
Jewellery
 q - a ring of magical power (left hand)
 C - an amulet of magic regeneration (around neck)
Wands
 p - a wand of random effects (36)
 s - a wand of enslavement (8)
 u - a wand of polymorph (7)
 B - a wand of iceblast (22)
Scrolls
 e - 2 scrolls of remove curse {unknown}
 g - 2 scrolls of magic mapping {unknown}
 l - 2 scrolls of enchant weapon {unknown}
 n - 3 scrolls of fog {unknown}
 r - 3 scrolls of amnesia {unknown}
 x - a scroll of random uselessness {unknown}
 y - a scroll of fear {unknown}
 A - a scroll of enchant armour {unknown}
 G - a scroll of teleportation {unknown}
 K - a scroll of blinking {unknown}
Potions
 c - a potion of resistance
 d - 14 potions of blood
 f - a potion of cancellation
 i - 2 potions of brilliance
 j - 2 potions of heal wounds
 m - 2 potions of haste
 o - 2 potions of invisibility
 w - a potion of magic {unknown}
 z - a potion of flight {unknown}
 D - 3 potions of curing
 E - a potion of ambrosia {unknown}
Books
 F - a manual of Necromancy


   Skills:
 + Level 9.2 Short Blades
 + Level 9.4 Dodging
 + Level 14.2 Stealth
 - Level 3.1 Spellcasting
 - Level 9.5 Hexes


You had 3 spell levels left.
You knew the following spells:

 Your Spells              Type           Power        Failure   Level  Hunger
a - Corona                Hex            #####..      1%          1    None
b - Ensorcelled Hibernat  Hex/Ice        ###...       2%          2    ##.....
c - Confuse               Hex            #####...     1%          3    ###....
d - Tukima's Dance        Hex            #####...     1%          3    ###....
e - Dazzling Spray        Conj/Hex       ###...       5%          3    ###....

Your spell library contained the following spells:

 Spells                   Type           Power        Failure   Level  Hunger
 Inner Flame              Hex/Fire       ###.....     5%          3    ###....
 Freeze                   Ice            #...         13%         1    None
 Magic Dart               Conj           #...         13%         1    None
 Pain                     Necr           #...         13%         1    None
 Corpse Rot               Necr           N/A          21%         2    ##.....
 Sublimation of Blood     Necr           #.........   21%         2    ##.....
 Throw Frost              Conj/Ice       #.....       21%         2    ##.....
 Ozocubu's Armour         Chrm/Ice       #.......     36%         3    ###....
 Static Discharge         Conj/Air       #.......     36%         3    ###....
 Vampiric Draining        Necr           #.........   36%         3    ###....
 Summon Ice Beast         Ice/Summ       #.......     78%         4    ####...
 Throw Icicle             Conj/Ice       #.......     78%         4    ####...
 Ignition                 Fire           #.........   100%        8    #######


Dungeon Overview and Level Annotations

Branches:
Dungeon (10/15)            Temple (1/1) D:7
   Lair: D:8-11         Orc: D:9-12

Altars:
Ashenzari
Cheibriados
Dithmenos
Elyvilon
Fedhas
Gozag
Hepliaklqana
Kikubaaqudgha
Makhleb
Nemelex Xobeh
Okawaru
Qazlal
Ru
Sif Muna
Trog
Uskayaw
Vehumet
Wu Jian
Xom
Yredelemnul
Zin
The Shining One

Annotations:
D:3 2 transporters


Innate Abilities, Weirdness & Mutations

You heal slowly.
You have razor-sharp teeth.
You have supernaturally acute eyesight. (SInv)
You can survive without breathing.


Message History

The two-headed ogre hits you with a +0 giant club!!
Ouch! That really hurt!
* * * LOW HITPOINT WARNING * * *
The two-headed ogre misses you.
Casting: Tukima's Dance (safe; 1% risk of failure)
Confirm with . or Enter, or press ? or * to list all spells.
Aiming: Tukima's Dance (safe; 1% risk of failure)
Press: ? - help, Shift-Dir - straight line, f/p - two-headed ogre
Aim: a two-headed ogre, wielding a +0 giant club (chance to defeat MR: 62%)
The two-headed ogre resists with significant effort.
Casting: Tukima's Dance (safe; 1% risk of failure)
Confirm with . or Enter, or press ? or * to list all spells.
Aiming: Tukima's Dance (safe; 1% risk of failure)
Press: ? - help, Shift-Dir - straight line, f/p - two-headed ogre
Aim: a two-headed ogre, wielding a +0 giant club (chance to defeat MR: 62%)
The two-headed ogre resists with significant effort.
The two-headed ogre completely misses you.
The two-headed ogre hits you with a +0 giant club!!
You die...
Kikubaaqudgha rasps: "You have failed me!
Welcome... oblivion!"

..# ###### .....#
#.##.# #.##.####.#
### ..........#
..# #.##.######
#.# #.##.# ####.##
.....#
#.@†..######
######
##O##.......# #
.##(##<#####.# ##
####.......# .#
#........###
.########..###...#
.#.........####.##
.#...###.....##.#
####
.#...###..##.##.#
.....


You could see a two-headed ogre and a friendly +0 giant club.

Vanquished Creatures
  Pikel (D:4)
  Maurice (D:9)
  Joseph (D:8)
  Psyche (D:10)
  A hippogriff (D:10)
  Sigmund (D:2)
  Eustachio (D:4)
  Menkaure (D:6)
  4 soldier ants (D:8)
  A water moccasin (D:5)
  Duvessa (D:7)
  An ice beast (D:6)
  3 slaves
  A necrophage (D:8)
  2 ogres (D:8)
  7 centaurs
  3 big kobolds
  3 bullfrogs
  A water moccasin zombie (D:6)
  6 scorpions
  A water moccasin skeleton (D:8)
  Dowan (D:7)
  12 killer bees
  5 crimson imps
  A howler monkey (D:5)
  A quasit (D:7)
  A bullfrog zombie (D:7)
  6 hounds
  A jelly (D:7)
  2 orc priests
  A centaur skeleton (D:8)
  Jessica (D:2)
  Natasha (twice) (D:3)
  3 iguanas
  10 orc wizards
  11 worker ants
  A hound zombie (D:8)
  2 worker ant zombies
  3 gnolls (D:3)
  A howler monkey skeleton (D:8)
  7 adders
  A shadow imp (D:9)
  3 adder zombies
  An adder skeleton (D:5)
  3 worms
  3 dart slugs
  9 leopard geckos
  35 orcs
  2 ball pythons
  5 giant cockroaches
  3 goblins (D:1)
  8 hobgoblins
  9 jackals
  19 kobolds
  3 quokkas
  4 bats
  3 frilled lizards
  A leopard gecko zombie (D:5)
  6 rats
232 creatures vanquished.

Vanquished Creatures (collateral kills)
  An ogre (D:8)
  A killer bee (D:8)
2 creatures vanquished.

Grand Total: 234 creatures vanquished

Notes
Turn   | Place    | Note
-------+----------+-------------------------------------------
     0 | D:1      | Morrissey the Vampire Enchanter began the quest for the
                  | Orb.
     0 | D:1      | Reached XP level 1. HP: 13/13 MP: 3/3
   334 | D:1      | Reached XP level 2. HP: 12/19 MP: 5/5
   376 | D:1      | Learned a level 2 spell: Ensorcelled Hibernation
   817 | D:1      | Reached skill level 5 in Stealth
  1489 | D:2      | Reached skill level 5 in Hexes
  1694 | D:2      | Reached XP level 3. HP: 24/24 MP: 6/6
  1704 | D:2      | Noticed Sigmund
  1800 | D:1      | Learned a level 3 spell: Confuse
  2710 | D:2      | Reached XP level 4. HP: 30/30 MP: 7/7
  2750 | D:2      | Killed Sigmund
  2750 | D:2      | Reached skill level 6 in Stealth
  2750 | D:2      | Reached XP level 5. HP: 35/35 MP: 0/8
  2896 | D:2      | Noticed Jessica
  2902 | D:2      | Killed Jessica
  2902 | D:2      | Reached skill level 7 in Stealth
  3058 | D:3      | Noticed Natasha
  3089 | D:3      | HP: 1/35 [white imp/puff of frost[Natasha] (6)]
  3098 | D:3      | HP: 1/35 [white imp/puff of frost[Natasha] (2)]
  3735 | D:3      | Found a transporter.
  3746 | D:3      | Found a transporter.
  3901 | D:3      | Reached XP level 6. HP: 41/41 MP: 9/9
  4186 | D:3      | Killed Natasha
  4236 | D:3      | Noticed Natasha
  4291 | D:3      | Killed Natasha
  4729 | D:3      | Learned a level 3 spell: Tukima's Dance
  4851 | D:4      | Noticed Eustachio
  4987 | D:4      | Killed Eustachio
  4987 | D:4      | Reached skill level 8 in Stealth
  4987 | D:4      | Reached XP level 7. HP: 40/46 MP: 10/10
  5028 | D:4      | Noticed Pikel
  5607 | D:4      | Killed Pikel
  5607 | D:4      | Reached skill level 9 in Stealth
  5607 | D:4      | Reached XP level 8. HP: 48/52 MP: 12/12
  5863 | D:4      | Learned a level 3 spell: Dazzling Spray
  5887 | D:5      | Entered Level 5 of the Dungeon
  6121 | D:5      | Reached skill level 5 in Dodging
  6209 | D:5      | Reached skill level 10 in Stealth
  6416 | D:5      | Reached skill level 5 in Short Blades
  6985 | D:6      | Reached XP level 9. HP: 57/57 MP: 13/13
  7065 | D:6      | You fall through a shaft!
  7193 | D:7      | Reached skill level 11 in Stealth
  7313 | D:6      | Noticed Menkaure
  8736 | D:6      | Killed Menkaure
  8902 | D:7      | Found a staircase to the Ecumenical Temple.
  8995 | Temple   | Entered the Ecumenical Temple
  9196 | Temple   | Became a worshipper of Kikubaaqudgha
  9309 | D:7      | Reached skill level 12 in Stealth
  9395 | D:7      | Noticed Dowan
  9396 | D:7      | Noticed Duvessa
  9400 | D:7      | Killed Dowan
  9450 | D:7      | Killed Duvessa
  9921 | D:8      | You fall through a shaft for 2 floors!
  9921 | D:10     | Entered Level 10 of the Dungeon
  9946 | D:10     | Noticed Psyche
  9951 | D:10     | Killed Psyche
  9968 | D:10     | Reached XP level 10. HP: 63/63 MP: 14/14
  9998 | D:9      | Got a ripped robe
 10009 | D:9      | Identified the cursed +0 robe "Kiummoph" {MR++ Str+3} (You
                  | found it on level 9 of the Dungeon)
 10055 | D:9      | Reached skill level 13 in Stealth
 10058 | D:9      | Reached * piety under Kikubaaqudgha
 10058 | D:9      | Identified Kikubaaqudgha's Reference Book on Necromancy
                  | (Kikubaaqudgha gifted it to you on level 9 of the Dungeon)
 10058 | D:9      | Received a gift from Kikubaaqudgha
 10133 | D:9      | Noticed Maurice
 10160 | D:9      | Killed Maurice
 10272 | D:9      | Found a deep blue altar of Sif Muna.
 10273 | D:9      | Noticed a two-headed ogre
 10287 | D:8      | Noticed Joseph
 11358 | D:8      | Killed Joseph
 11394 | D:8      | Identified Sucoges's Tome of Flames and Attacks
 11592 | D:8      | Noticed a queen ant
 11647 | D:8      | Reached skill level 14 in Stealth
 11725 | D:8      | Reached ** piety under Kikubaaqudgha
 11937 | D:9      | Demolished by a two-headed ogre

Skill      XL: |  1  2  3  4  5  6  7  8  9 10 |
---------------+-------------------------------+-----
Stealth        | 5 6 7 8 9 10 12 14 | 14.2
Hexes          | 5 6 7 8 9 |  9.5
Short Blades   | 2 3 4 5 7 9 |  9.2
Dodging        | 3 4 6 8 9 |  9.4
Spellcasting   | 3 |  3.1

Action                   |  1- 3 |  4- 6 |  7- 9 | 10-12 || total
-------------------------+-------+-------+-------+-------++-------
Melee: Dagger            |    74 |    87 |   329 |   144 ||   634
       Bite              |     6 |     9 |    20 |    12 ||    47
       Short sword       |       |       |     5 |       ||     5
 Cast: Ensorcelled Hiber |    15 |    22 |    70 |    54 ||   161
       Corona            |     3 |       |       |       ||     3
       Confuse           |     1 |    10 |    20 |    16 ||    47
       Dazzling Spray    |       |       |     9 |       ||     9
       Tukima's Dance    |       |       |     3 |     4 ||     7
 Abil: End Transformatio |     1 |     1 |     2 |     1 ||     5
       Bat Form          |     1 |     1 |     2 |     1 ||     5
Evoke: Wand              |       |     2 |       |       ||     2
  Use: Potion            |     2 |     5 |     3 |     4 ||    14
       Scroll            |       |       |       |     8 ||     8
 Stab: Sleeping          |    16 |    21 |    81 |    35 ||   153
       Confused          |       |     5 |    16 |    11 ||    32
       Invisible         |       |       |     4 |       ||     4
       Distracted        |       |       |       |     1 ||     1
Armor: Robe              |    13 |     4 |    33 |    17 ||    67
Dodge: Dodged            |    52 |    54 |   225 |   146 ||   477
